 Dungeon Crawl Stone Soup version 0.27-a0-1591-gc56fcc9 (webtiles) character file.

Game seed: 13004706994098891653

5823 HDogLeCool the Blocker (level 11, -3/80 HPs)
             Began as a Human Fighter on July 18, 2021.
             Was an Elder of Hepliaklqana.
             Killed from afar by a rime drake (17 damage)
             ... with a flash freeze
             ... on level 1 of the Lair of Beasts.
             The game lasted 00:21:15 (7574 turns).

HDogLeCool the Blocker (Human Fighter)              Turns: 7574, Time: 00:21:15

Health: -3/80      AC: 17    Str: 20    XL:     11   Next: 7%
Magic:  13/13      EV:  5    Int:  8    God:    Hepliaklqana [****..]
Gold:   381        SH: 12    Dex: 13    Spells: 7/10 levels left

rFire    . . .     SeeInvis .   a - +1 long sword
rCold    . . .     Faith    .   c - +0 kite shield
rNeg     . . .     Spirit   .   s - +0 plate armour
rPois    +         Reflect  .   (no helmet)
rElec    .         Harm     .   (no cloak)
rCorr    .         Rampage  .   y - +0 pair of gloves
Will     +....                  v - +2 pair of boots
Stlth    ..........             B - amulet of regeneration
HPRegen  1.23/turn              q - ring of willpower
MPRegen  0.13/turn              x - ring of poison resistance

@: hasted, very quick
A: reduced essence
a: Renounce Religion, Recall Ancestor, Ancestor Identity, Transference, Idealise


You were on level 1 of the Lair of Beasts.
You worshipped Hepliaklqana.
Hepliaklqana was greatly pleased with you.
You visited 2 branches of the dungeon, and saw 9 of its levels.

You collected 381 gold pieces.

Inventory:

Hand Weapons
 a - a +1 long sword (weapon)
Missiles
 n - 166 stones (quivered)
Armour
 b - a +0 scale mail
 c - a +0 kite shield (worn)
 s - a +0 plate armour (worn)
 v - a +2 pair of boots (worn)
 y - a +0 pair of gloves (worn)
Jewellery
 j - a +6 ring of intelligence
 q - a ring of willpower (left hand)
 r - a ring of positive energy
 x - a ring of poison resistance (right hand)
 B - an amulet of regeneration (around neck)
 D - a ring of wizardry
 F - a +6 ring of strength
Wands
 A - a wand of iceblast (7)
Scrolls
 g - 2 scrolls of magic mapping {unknown}
 k - 2 scrolls of blinking
 l - a scroll of silence {unknown}
 m - 5 scrolls of teleportation
 p - 2 scrolls of vulnerability {unknown}
 u - a scroll of enchant armour {unknown}
 w - 2 scrolls of enchant weapon
 z - a scroll of noise {unknown}
 C - a scroll of identify
Potions
 d - a potion of might
 e - a potion of lignification
 f - 6 potions of curing
 h - a potion of haste
 i - a potion of heal wounds
 o - 2 potions of attraction
 t - a potion of resistance {unknown}
 E - a potion of brilliance {unknown}


   Skills:
 * Level 9.5 Fighting
 + Level 6.6 Long Blades
 + Level 7.1 Armour
 * Level 9.6 Shields
 - Level 3.0 Invocations


You had 7 spell levels left.
You knew the following spells:

 Your Spells              Type           Power      Damage    Failure   Level
a - Stone Arrow           Conj/Erth      0%         3d7       100%        3

Your spell library contained the following spells:

 Spells                   Type           Power      Damage    Failure   Level
 Ozocubu's Armour         Ice            0%         N/A       100%        3
 Airstrike                Air            0%         N/A       100%        4
 Summon Lightning Spire   Summ/Air       0%         N/A       100%        4
 Bolt of Magma            Conj/Fire/Erth 0%         4d4       100%        5
 Lightning Bolt           Conj/Air       0%         1d11      100%        5
 Ozocubu's Refrigeration  Ice            0%         4d5       100%        7
 Shatter                  Erth           0%         3d5*      100%        9


Dungeon Overview and Level Annotations

Branches:
Dungeon (8/15)             Temple (0/1) D:4            Lair (1/6) D:8

Altars:
Ashenzari
Gozag
Hepliaklqana
Ru
Vehumet
Wu Jian

Shops:
D:8 *

Annotations:
Lair:1 Urug


Message History

* * * LOW HITPOINT WARNING * * *
The black mamba bites you!
* * * LOW HITPOINT WARNING * * *
Inhapi hits the black mamba with a +0 flail!
The black mamba dies!
You now have 381 gold pieces (gained 20).
Found 7 boomerangs.
A rime drake comes into view.
The rime drake hisses angrily.
Urug the Orcish Ballista comes into view.
She is wielding a +4 battleaxe.
Urug throws a javelin.
The javelin pierces through you!
* * * LOW HITPOINT WARNING * * *
Okay, then.
You feel much better.
Urug throws a javelin.
The javelin pierces through you! The rime drake breathes ice at you.
The flash freeze hits you!!
* * * LOW HITPOINT WARNING * * *
You are encased in ice.
You are too injured to fight recklessly!
You hit the rime drake.
The rime drake is lightly wounded.
The rime drake bites you.
* * * LOW HITPOINT WARNING * * *
Inhapi hits the rime drake with a +0 flail.
Urug throws a javelin.
The javelin pierces through Inhapi!
The javelin pierces through you but does no damage.
You block the rime drake's attack.
You feel yourself speed up.
The rime drake bites you but does no damage.
The ice encasing you melts away.
Inhapi closely misses Urug.
The rime drake breathes ice at you. You block the flash freeze.
Inhapi hits Urug with a +0 flail!
Urug screams, "Bird-brain!"
Urug throws a javelin.
The javelin pierces through you!
* * * LOW HITPOINT WARNING * * *
The rime drake breathes ice at you. The flash freeze hits you!
You die...

..................###........
.............#P...# #........
............##....###........
.............................
.............................
.............................
.............................
.............k...............
............o...@..)<.....#..
...........R................#
............................#
.............................
.............................
.............................
≈≈≈..♣♣.(.............(......
≈≈≈♣♣♣♣.....................
≈≈≈♣ ♣♣♣♣.......


You could see the friendly Inhapi the knight, Urug (ally target) and a rime
drake (catching breath).

Vanquished Creatures
  A cane toad (Lair:1)
  2 slime creatures (D:7)
  A water moccasin (Lair:1)
  A black bear (D:8)
  An ogre (D:6)
  A wolf (Lair:1)
  A phantom (D:6)
  A bullfrog (D:8)
  A gnoll sergeant (D:8)
  A wyvern zombie (D:6)
  A water moccasin zombie (D:5)
  2 killer bees (D:8)
  A centaur zombie (D:6)
  A jelly (D:5)
  2 orc priests
  Natasha (twice) (D:4)
  An orc wizard (D:5)
  An iguana (D:6)
  A gnoll (D:8)
  4 adders
  A shadow imp (D:5)
  A worm (D:2)
  3 dart slugs
  12 orcs
  8 ball pythons
  4 bats
  9 endoplasms
  5 giant cockroaches
  5 goblins
  15 hobgoblins
  9 jackals
  5 kobolds
  4 quokkas
  2 frilled lizards
  2 rats
112 creatures vanquished.

Vanquished Creatures (collateral kills)
  Joseph (D:7)
  A black mamba (Lair:1)
  2 komodo dragons
  A troll (D:6)
  A hornet (D:7)
  2 slime creatures
  A wyvern (Lair:1)
  A steam dragon (D:7)
  2 water moccasins (D:7)
  3 orc warriors
  2 ogres (D:6)
  A wolf (Lair:1)
  2 bullfrogs
  4 scorpions
  3 killer bees
  2 wights (D:8)
  2 jellies
  A hound (D:7)
  An orc priest (D:7)
  Natasha (D:4)
  An iguana (D:6)
  4 orc wizards
  10 gnolls
  3 adders
  A worm (D:2)
  A dart slug (D:3)
  11 orcs
  A bat (D:3)
  An endoplasm (D:4)
  2 giant cockroaches
  3 goblins (D:4)
  A hobgoblin (D:3)
  A kobold (D:3)
  A ball python (D:4)
  A rat (D:3)
76 creatures vanquished.

Vanquished Creatures (others)
  A knight (D:6)
  A fungus (D:8)
  10 plants
12 creatures vanquished.

Grand Total: 200 creatures vanquished

Notes
Turn   | Place    | Note
-------+----------+-------------------------------------------
     0 | D:1      | HDogLeCool the Human Fighter began the quest for the Orb.
     0 | D:1      | Reached XP level 1. HP: 18/18 MP: 1/1
    23 | D:1      | Reached XP level 2. HP: 22/24 MP: 2/2
   186 | D:1      | Reached XP level 3. HP: 24/29 MP: 3/3
   967 | D:2      | Reached XP level 4. HP: 27/35 MP: 4/4
  1554 | D:2      | Found a faded altar of an unknown god.
  1597 | D:2      | Became a worshipper of Hepliaklqana the Forgotten
  1597 | D:2      | Reached * piety under Hepliaklqana
  1837 | D:2      | Learned a level 3 spell: Stone Arrow
  2044 | D:2      | Reached XP level 5. HP: 36/37 MP: 5/5
  2245 | D:3      | Found a radiant altar of Vehumet.
  3100 | D:4      | Noticed Natasha
  3118 | D:4      | Killed Natasha
  3284 | D:4      | Reached ** piety under Hepliaklqana
  3285 | D:4      | Remembered your ancestor Inhapi as a knight
  3470 | D:4      | Noticed Natasha
  3477 | D:4      | Killed Natasha
  3478 | D:4      | Reached XP level 6. HP: 34/43 MP: 6/6
  3571 | D:4      | Noticed Natasha
  3579 | D:4      | Killed Natasha
  3675 | D:4      | Reached skill level 1 in Invocations
  3907 | D:4      | Found a staircase to the Ecumenical Temple.
  4271 | D:5      | Entered Level 5 of the Dungeon
  4438 | D:5      | Reached XP level 7. HP: 46/49 MP: 8/8
  4796 | D:5      | Reached *** piety under Hepliaklqana
  4862 | D:5      | Reached skill level 5 in Shields
  4978 | D:6      | Reached skill level 5 in Fighting
  5301 | D:6      | Reached XP level 8. HP: 39/55 MP: 9/9
  5753 | D:6      | Found a sacrificial altar of Ru.
  6066 | D:6      | Reached skill level 5 in Armour
  6272 | D:7      | Noticed Joseph
  6289 | D:7      | Killed Joseph
  6290 | D:7      | Reached XP level 9. HP: 25/63 MP: 11/11
  6349 | D:7      | Found a broken altar of Ashenzari.
  6349 | D:7      | Found an opulent altar of Gozag.
  6414 | D:7      | Reached skill level 5 in Long Blades
  6432 | D:7      | Noticed a troll
  6459 | D:6      | Killed a troll
  6570 | D:7      | Noticed a hornet
  6578 | D:7      | Killed a hornet
  6747 | D:7      | Found an ornate altar of the Wu Jian Council.
  6899 | D:8      | Noticed a slime creature
  6900 | D:8      | Noticed a slime creature
  6900 | D:8      | Noticed a slime creature
  6900 | D:8      | Noticed a slime creature
  6961 | D:7      | Reached XP level 10. HP: 39/72 MP: 9/12
  7209 | D:8      | Reached **** piety under Hepliaklqana
  7219 | D:8      | Noticed a komodo dragon
  7233 | D:8      | Killed a komodo dragon
  7319 | D:8      | Found a staircase to the Lair.
  7385 | D:8      | Found Luust's General Store.
  7419 | Lair:1   | Entered Level 1 of the Lair of Beasts
  7441 | Lair:1   | Noticed a komodo dragon
  7451 | Lair:1   | Killed a komodo dragon
  7497 | Lair:1   | Noticed a cane toad
  7505 | Lair:1   | Killed a cane toad
  7522 | Lair:1   | Noticed a black mamba
  7529 | Lair:1   | Reached XP level 11. HP: 51/80 MP: 13/13
  7561 | Lair:1   | Noticed Urug
  7574 | Lair:1   | Killed from afar by a rime drake

Illustrated notes

Levels and vault maps discovered:
D:1:      minmay_arrival_radiant_lines, layout_loops_ring
D:2:      layout_loops_ring, hellmonk_ecumenical_altar_zigzags,
          grunt_ministairs_6
D:3:      layout_loops_ring, nicolae_vehumet_altar_sigil
D:4:      layout_basic, temple_doors_cd, uniq_natasha
D:5:      layout_basic, minivault_11
D:6:      layout_loops_ring, mainiacjoe_overflow_tiny_flanked
D:7:      layout_rooms, gammafunk_temple_overflow_forgotten, uniq_joseph
D:8:      layout_cave_pods, mainiacjoe_overflow_six_doors_small,
          grunt_lair_entry_orc_guard_hut, serial_shops, kennysheep_mini_moat
Lair:1:   layout_cave_shapes, wad_woods_river_01, uniq_harold, uniq_urug

Skill      XL: |  1  2  3  4  5  6  7  8  9 10 |
---------------+-------------------------------+-----
Shields        | 4 5 6 7 9 |  9.6
Fighting       | 4 5 6 7 9 |  9.5
Long Blades    | 3 4 5 6 |  6.6
Invocations    | 1 2 3 |  3.0
Armour         | 4 5 6 7 |  7.1

Action                   |  1- 3 |  4- 6 |  7- 9 | 10-12 || total
-------------------------+-------+-------+-------+-------++-------
Melee: Long sword        |    95 |   183 |   151 |   112 ||   541
Throw: Stone             |       |       |     2 |       ||     2
Invok: Ancestor Identity |       |     2 |       |       ||     2
       Ancestor Life: Kn |       |     1 |       |       ||     1
       Recall Ancestor   |       |       |     3 |       ||     3
       Transference      |       |       |     1 |       ||     1
  Use: Scroll            |       |       |    12 |       ||    12
       Potion            |       |       |     1 |     3 ||     4
 Stab: Distracted        |       |     1 |     1 |       ||     2
Armor: Scale mail        |    77 |    33 |       |       ||   110
       Plate armour      |       |    69 |   102 |   112 ||   283
Dodge: Dodged            |    36 |    26 |    29 |    38 ||   129
Block: Kite shield       |    49 |   110 |   102 |   113 ||   374
       Rpst.: Long sword |    12 |     9 |    10 |    12 ||    43

Table legend: (Time is in decaauts)
 A = Elapsed time spent in this place.
 B = Non-inter-level travel time spent in this place.
 C = Inter-level travel time spent in this place.
 D = Time resting spent in this place.
 E = Time spent auto-exploring this place.
 F = Levels seen in this place.
 G = Mean time per level.
                   A        B        C        D        E       F      G
               +--------+--------+--------+--------+--------+-----+--------+
         Total |   7801 |   7198 |    603 |    876 |   4751 |   9 |  866.8 |
       Dungeon |   7639 |   7049 |    590 |    876 |   4694 |   8 |  954.9 |
          Lair |    161 |    148 |     13 |      0 |     57 |   1 |  161.0 |
               +--------+--------+--------+--------+--------+-----+--------+

Top non-repeatable levels by time:
     D:4: 1258 daAuts
     D:2: 1245 daAuts
     D:5: 1168 daAuts
     D:1: 1011 daAuts
     D:6: 958 daAuts
     D:3: 887 daAuts
     D:7: 729 daAuts
     D:8: 380 daAuts
  Lair:1: 161 daAuts
